 Dungeon Crawl Stone Soup version 0.30.1-3-gfc49f6343a (webtiles) character file.

Game seed: 18095548617028883036

3059 croobank the Covert (level 9, -5/54 HPs)
             Began as an Octopode Delver on Aug 4, 2023.
             Was a Believer of Hepliaklqana.
             Slain by an orc warrior
             ... wielding a +0 war axe
              (15 damage)
             ... in a bailey.
             The game lasted 00:17:22 (6276 turns).

croobank the Covert (Octopode Delver)               Turns: 6276, Time: 00:17:23

Health: -5/54      AC:  1    Str: 11    XL:     9   Next: 87%
Magic:  9/10       EV: 16    Int: 16    God:    Hepliaklqana [**....]
Gold:   390        SH:  6    Dex: 20    Spells: 9/9 levels left

rFire   . . .        e - +5 short sword
rCold   . . .        B - +0 buckler
rNeg    . . .        (helmet restricted)
rPois   .            (no amulet)
rElec   .            g - +6 ring of dexterity
rCorr   .            A - ring of wizardry
SInv    .            (no ring)
Will    .....        (no ring)
Stlth   ++++++       (no ring)
HPRegen 0.29/turn    (no ring)
MPRegen 0.12/turn    (no ring)
                     (no ring)

%: wizardry (x1)
@: no status effects
A: reduced essence, almost no armour, amphibious, 8 rings, camouflage 1,
gelatinous body 1, (nimble swimmer 1), tentacles
a: Renounce Religion, Recall Ancestor, Ancestor Identity


You were in a bailey.
You worshipped Hepliaklqana.
Hepliaklqana was pleased with you.
You visited 1 branch of the dungeon, and saw 8 of its levels.
You also visited: Sewer and Bailey.

You collected 390 gold pieces.

Inventory:

Hand Weapons
 c - a +0 war axe
 e - a +5 short sword (weapon)
 j - a +0 rapier
 r - a +1 dagger of venom
 t - a +3 quarterstaff of chaos
 y - a +1 short sword of protection
 F - a +4 spear
 H - a +3 hand axe
Missiles
 h - 8 boomerangs (quivered)
 m - 6 javelins
 u - a throwing net
 v - 5 atropa-tipped darts
 C - 7 poisoned darts
Armour
 B - a +0 buckler (worn)
Jewellery
 g - a +6 ring of dexterity (left tentacle)
 A - a ring of wizardry (right tentacle)
Wands
 f - a wand of digging (3)
Scrolls
 b - 2 scrolls of fog
 q - 3 scrolls of fear
 w - 2 scrolls of amnesia
Potions
 a - a potion of brilliance {unknown}
 d - a potion of magic
 i - 2 potions of invisibility
 k - a potion of lignification {unknown}
 l - a potion of flight
 n - a potion of heal wounds
 o - a potion of degeneration
 p - 3 potions of curing
 s - a potion of berserk rage {unknown}
 x - 2 potions of might {unknown}
 z - a potion of haste
 D - 3 potions of mutation {unknown}
 E - a potion of resistance
 G - 2 potions of attraction


   Skills:
 + Level 5.0 Fighting
 - Level 5.9 Short Blades
 - Level 5.9 Dodging
 + Level 12.1 Stealth
 - Level 6.4 Shields
 * Level 0.9 Spellcasting
 * Level 1.2 Invocations


You had 9 spell levels left.
You didn't know any spells.
Your spell library contained the following spells:

 Spells                   Type           Power      Damage    Failure   Level
 Ignite Poison            Fire/Tmut/Pois 0%         N/A       34%         3
 Sticky Flame             Conj/Fire      0%         2d3       73%         4
 Ignition                 Fire           0%         3d3       100%        8


Dungeon Overview and Level Annotations

Branches:
Dungeon (8/15)             Temple (0/1) D:4            Lair (0/5) D:8
  Sewer (visited)          Bailey (1/1)

Altars:
Hepliaklqana
Sif Muna
The Shining One

Shops:
D:7 =


Innate Abilities, Weirdness & Mutations

Your life essence is reduced to manifest your ancestor. (-10% HP)
You cannot wear most types of armour.
You are amphibious.
You can wear up to eight rings at the same time.
Your skin changes colour to match your surroundings (Stealth+).
Your rubbery body absorbs attacks. (AC +1, EV +1)
((You are camouflaged when in or above water. (Stealth+)))
You have tentacles for arms and can constrict up to eight enemies at once.


Message History

The orc warrior is severely wounded.
You constrict the orc warrior, but do no damage.
Sunngifu casts a spell at the orc warrior.
The stone arrow hits the orc warrior!
The orc warrior dies!
Your Invocations skill increases to level 1!
You hit the hobgoblin but do no damage. You grab the hobgoblin.
You squeeze the hobgoblin, but do no damage.
You constrict the hobgoblin, but do no damage.
The hobgoblin hits you with a +0 hand axe!
The hobgoblin hits Sunngifu with a +0 hand axe.
The gnoll hits Sunngifu with a +0 hand axe!
Sunngifu hits the hobgoblin with a +0 quarterstaff!
The hobgoblin dies!
The gnoll hits you with a +0 hand axe!
The gnoll barely misses Sunngifu.
Sunngifu hits the gnoll with a +0 quarterstaff!
Things that are here:
a +0 hand axe; a +0 leather armour You barely miss the gnoll.
You grab the gnoll. You squeeze the gnoll.
You kill the gnoll!
The orc warrior misses you. You block the orc's attack.
You hit the orc warrior. You grab the orc warrior. You squeeze the orc warrior.
The orc warrior is lightly wounded.
You constrict the orc warrior. You puncture the orc warrior!
You squeeze the orc warrior, but do no damage.
The orc warrior is heavily wounded.
You constrict the orc warrior, but do no damage.
The orc warrior hits you with a +0 war axe!
The orc warrior closely misses Sunngifu.
The orc hits you with a +0 war axe!
* * * LOW HITPOINT WARNING * * *
The orc closely misses Sunngifu.
Sunngifu points at the orc warrior and mumbles some strange words.
The stone arrow hits the orc warrior!
You hit the orc warrior. You squeeze the orc warrior.
The orc warrior is almost dead.
You constrict the orc warrior, but do no damage.
The orc warrior hits you with a +0 war axe!
You die...

........# ....)[.### ##
....[###.### ##.###
##.#'#.....###
###.....#
###.........###........
#...........#.........
#.).........#.........
#..)..⌠.....#.Ro..⌠...
#...).......).@o......
#.).).......#.).......
##.........###........
###.....### ###.....#
###.### ##.### ### ##


You could see the friendly Sunngifu the battlemage, an orc warrior (ally target)
and an orc.

Vanquished Creatures
  Pikel (D:4)
  A hornet (D:7)
  Grinder (D:4)
  A water moccasin (D:5)
  A black bear (D:6)
  3 ice beasts
  Pargi (Sewer)
  A sky beast (D:7)
  3 ogres
  A lemure (D:3)
  A bullfrog (D:6)
  A scorpion (D:5)
  An electric eel (D:6)
  3 jellies
  6 gnolls
  10 adders
  5 river rats (D:3)
  11 dart slugs
  4 worms
  10 orcs
  5 endoplasms
  5 giant cockroaches
  8 goblins
  5 hobgoblins
  4 quokkas
  6 ball pythons
  4 bats
  3 frilled lizards
  8 kobolds
  3 rats
117 creatures vanquished.

Vanquished Creatures (collateral kills)
  2 orc warriors
  Blork the orc (D:5)
  3 wights (D:7)
  3 howler monkeys (D:7)
  A jelly (D:5)
  2 hounds (D:6)
  Crazy Yiuf (D:6)
  2 iguanas (D:5)
  3 gnolls (Bailey)
  2 adders (D:6)
  2 orcs
  An endoplasm (D:4)
  3 goblins (Bailey)
  A hobgoblin (Bailey)
  2 quokkas (D:3)
  A bat (D:3)
30 creatures vanquished.

Vanquished Creatures (others)
  A battlemage (D:5)
1 creature vanquished.

Grand Total: 148 creatures vanquished

Notes
Turn   | Place    | Note
-------+----------+-------------------------------------------
     0 | D:5      | croobank the Octopode Delver began the quest for the Orb.
     0 | D:5      | Reached XP level 1. HP: 16/16 MP: 1/1
    29 | D:7      | Noticed a sky beast
    29 | D:7      | Noticed a jelly
    31 | D:7      | Killed a jelly
    32 | D:7      | Reached skill level 7 in Stealth
    32 | D:7      | Reached XP level 2. HP: 21/21 MP: 2/2
    32 | D:7      | Reached XP level 3. HP: 26/26 MP: 3/3
    34 | D:7      | Killed a sky beast
    35 | D:7      | Reached skill level 9 in Stealth
    35 | D:7      | Reached XP level 4. HP: 31/31 MP: 4/4
    35 | D:7      | Reached XP level 5. HP: 36/36 MP: 5/5
   289 | D:5      | Noticed an ice beast
   467 | D:4      | Found a glowing golden altar of the Shining One.
   472 | D:4      | Noticed Pikel
   472 | D:4      | Noticed a lemure
   472 | D:4      | Noticed a lemure
   472 | D:4      | Noticed a lemure
   472 | D:4      | Noticed a lemure
   566 | D:3      | Reached skill level 10 in Stealth
   621 | D:3      | Found a glowing drain.
   631 | D:3      | Reached XP level 6. HP: 42/42 MP: 6/6
   655 | Sewer    | Entered a sewer
   698 | Sewer    | Noticed Pargi
   700 | Sewer    | Killed Pargi
  2683 | D:3      | Found a faded altar of an unknown god.
  2720 | D:3      | Prayed at the altar of an unknown god.
  2720 | D:3      | Became a worshipper of Hepliaklqana the Forgotten
  2720 | D:3      | Reached * piety under Hepliaklqana
  2768 | D:3      | Reached XP level 7. HP: 39/41 MP: 7/7
  2863 | D:3      | Reached skill level 1 in Shields
  3219 | D:4      | Killed Pikel
  3220 | D:4      | Reached skill level 5 in Shields
  3220 | D:4      | Reached XP level 8. HP: 13/46 MP: 8/8
  3340 | D:4      | Found a shimmering blue altar of Sif Muna.
  3672 | D:4      | Noticed Grinder
  3684 | D:4      | Killed Grinder
  3891 | D:4      | Found a staircase to the Ecumenical Temple.
  3955 | D:5      | Reached ** piety under Hepliaklqana
  3956 | D:5      | Remembered your ancestor Sunngifu as a battlemage
  4046 | D:5      | Noticed Blork the orc
  4055 | D:5      | Killed Blork the orc
  4056 | D:5      | Reached skill level 11 in Stealth
  4390 | D:5      | Reached XP level 9. HP: 52/52 MP: 9/9
  5124 | D:6      | Found a runed translucent door.
  5125 | D:6      | Noticed Crazy Yiuf
  5401 | D:6      | Reached skill level 5 in Short Blades
  5453 | D:6      | Reached skill level 5 in Dodging
  5669 | D:6      | Killed Crazy Yiuf
  5766 | D:7      | Noticed a hornet
  5770 | D:7      | Killed a hornet
  6004 | D:7      | Found Tumuluq's Jewellery Boutique.
  6011 | D:7      | Reached skill level 12 in Stealth
  6094 | D:8      | Found a flagged portal.
  6103 | Bailey   | Entered a bailey
  6240 | Bailey   | Reached skill level 5 in Fighting
  6271 | Bailey   | Reached skill level 1 in Invocations
  6276 | Bailey   | Slain by an orc warrior

Illustrated notes

Levels and vault maps discovered:
D:1:      dpeg_arrival_round_b, layout_basic
D:2:      layout_basic
D:3:      kennysheep_slugbush, layout_loops_cross,
          shapermc_ecumenical_altar_mp_ritualfount, lightli_sewer_entry_pipes,
          wander_ebering_terrifying_dragon_lair
D:4:      layout_basic, mainiacjoe_overflow_catwalk_spiral, temple_hall,
          minmay_strange_pillars, minmay_cupped, uniq_pikel, uniq_grinder
D:5:      layout_basic, hangedman_decor_points, uniq_blork_the_orc
D:6:      layout_basic, serial_bayou, serial_bayou_pond_e, serial_bayou_pond_e,
          serial_bayou_ford_a, serial_bayou_pond_d, uniq_crazy_yiuf_cottage
D:7:      layout_basic, serial_shops, shop
D:8:      layout_loops_cross, hellmonk_lair_entry_icy, enter_bailey_8
Bailey:   bailey_axe_minmay_hex_keep, bailey

Skill      XL: |  1  2  3  4  5  6  7  8  9 |
---------------+----------------------------+-----
Stealth        | 7 9 10 11 12 | 12.1
Shields        | 5 6 |  6.4
Short Blades   | 4 5 |  5.9
Dodging        | 4 5 |  5.9
Fighting       | 4 5 |  5.0
Invocations    | 1 |  1.2
Spellcasting   | |  0.9

Action                     |  1- 3 |  4- 6 |  7- 9 || total
---------------------------+-------+-------+-------++-------
  Melee: Short sword       |     2 |    94 |   114 ||   210
         Tentacles         |       |    24 |    34 ||    58
         Constrict         |       |    19 |    32 ||    51
         Punch             |       |     2 |     2 ||     4
         Dagger            |       |    28 |       ||    28
  Throw: Boomerang         |       |       |     3 ||     3
 Invoke: Ancestor Life: Ba |       |       |     1 ||     1
    Use: Scroll            |       |     1 |    15 ||    16
         Potion            |       |     1 |       ||     1
   Stab: Sleeping          |     2 |    46 |    14 ||    62
         Distracted        |       |     1 |     3 ||     4
 Armour: Skin              |       |     6 |    12 ||    18
  Dodge: Dodged            |       |    55 |    53 ||   108
  Block: Buckler           |       |       |    17 ||    17
